 Dungeon Crawl Stone Soup version 0.26-a0-580-g4860111 (webtiles) character file.

Game seed: 16889657104012901154

26 slippy the Sneak (level 3, 0/23 HPs)
             Began as a Kobold Delver on Aug 24, 2020.
             Slain by a bat (1 damage)
             ... summoned by Eustachio
             ... on level 5 of the Dungeon.
             The game lasted 00:01:01 (168 turns).

slippy the Sneak (Kobold Delver)                     Turns: 168, Time: 00:01:02

Health: 0/23       AC:  3    Str:  9    XL:     3   Next: 22%
Magic:  3/3        EV: 14    Int: 11    God:
Gold:   4          SH:  0    Dex: 17    Spells: 2/2 levels left

rFire    . . .     SeeInvis .   a - +0 short sword
rCold    . . .     Faith    .   (shield restricted)
rNeg     . . .     Spirit   .   b - +0 leather armour
rPois    .         Reflect  .   (no helmet)
rElec    .         Harm     .   (no cloak)
rCorr    .                      (no gloves)
MR       .....                  (no boots)
Stlth    ++++......             (no amulet)
HPRegen  0.07/turn              (no ring)
MPRegen  0.08/turn              (no ring)

@: hasted, very quick
A: small, nightstalker 3
a: no special abilities


You were on level 5 of the Dungeon.
You visited 1 branch of the dungeon, and saw 1 of its levels.

You collected 4 gold pieces.

Inventory:

Hand Weapons
 a - a +0 short sword (weapon)
Armour
 b - a +0 leather armour (worn)
Wands
 j - a wand of flame (19)
Scrolls
 c - a scroll of fog
 d - a scroll of magic mapping
 e - a scroll of fear
 i - a scroll of identify {unknown}
Potions
 h - a potion of might {unknown}


   Skills:
 - Level 3.2 Fighting
 * Level 4.1 Short Blades
 - Level 2.4 Dodging
 + Level 7.0 Stealth


You had 2 spell levels left.
You didn't know any spells.
Your spell library was empty.

Dungeon Overview and Level Annotations

Branches:
Dungeon (5/15)
 Temple: D:4-7

Altars:
Qazlal

Annotations:
D:5 Eustachio, Grinder, Prince Ribbit


Innate Abilities, Weirdness & Mutations

You are small and have problems with some larger weapons.
You are completely attuned to the shadows.


Message History

Prince Ribbit comes into view.
The bat barely misses you.
A jackal comes into view.
The bat closely misses you.
Found a scroll labeled TOSMO ZUKHLAY.
Found a stormy altar of Qazlal.
Found an escape hatch in the floor.
The bat misses you. The jackal bites you.
* * * LOW HITPOINT WARNING * * *
The jackal closely misses you.
Found a red potion and a thick paperback book.
The bat hits you but does no damage.
Grinder comes into view.
You see here a scroll labeled TOSMO ZUKHLAY.
The bat hits you but does no damage.
Prince Ribbit says, "You're just another fly to me."
Found 19 gold pieces and a runed helmet.
The bat barely misses you.
Found a stone staircase leading up.
The bat hits you.
You die...

... #..#.< #..$.[
##### #####..... ..bJ.
....@..... J###.
#####b._.$ ..## ..#
#h.h.!. .#r## ....##
#?l.F..
.##.####..".####......
####.##............5.#
##.#..............#
##..r.......#...:
##.........##.>.


You could see Prince Ribbit, a jackal, a bat (summoned) and a frilled lizard.

Vanquished Creatures
  Ijyb (D:5)
  An orc (D:5)
2 creatures vanquished.

Notes
Turn   | Place    | Note
-------+----------+-------------------------------------------
     0 | D:5      | slippy the Kobold Delver began the quest for the Orb.
     0 | D:5      | Reached XP level 1. HP: 14/14 MP: 1/1
     8 | D:5      | Noticed Ijyb
    12 | D:5      | Killed Ijyb
    12 | D:5      | Reached skill level 7 in Stealth
    12 | D:5      | Reached XP level 2. HP: 19/19 MP: 2/2
    12 | D:5      | Reached XP level 3. HP: 23/23 MP: 3/3
    33 | D:5      | Noticed Eustachio
   161 | D:5      | HP: 1/23 [bat[Eustachio] (1)]
   162 | D:5      | Noticed Prince Ribbit
   163 | D:5      | Found a stormy altar of Qazlal.
   165 | D:5      | Noticed Grinder
   168 | D:5      | Slain by a bat

Illustrated notes

Levels and vault maps discovered:
D:5:      layout_rooms, basic_altar, uniq_prince_ribbit1, uniq_ijyb,
          uniq_grinder, uniq_eustachio

Skill      XL: |  1 |
---------------+----+-----
Short Blades   | 4 |  4.1
Stealth        | 7 |  7.0
Fighting       | |  3.2
Dodging        | |  2.4

Action                   || total
-------------------------++-------
Melee: Short sword       ||    18
Evoke: Wand              ||     3
  Use: Potion            ||     1
 Stab: Sleeping          ||     1
Armor: Leather armour    ||    12
Dodge: Dodged            ||    60

Table legend: (Time is in decaauts)
 A = Elapsed time spent in this place.
 B = Non-inter-level travel time spent in this place.
 C = Inter-level travel time spent in this place.
 D = Time resting spent in this place.
 E = Time spent auto-exploring this place.
 F = Levels seen in this place.
 G = Mean time per level.
                   A        B        C        D        E       F      G
               +--------+--------+--------+--------+--------+-----+--------+
         Total |    160 |    160 |      0 |     52 |     38 |   1 |  160.0 |
       Dungeon |    160 |    160 |      0 |     52 |     38 |   1 |  160.0 |
               +--------+--------+--------+--------+--------+-----+--------+

Top non-repeatable levels by time:
     D:5: 160 daAuts
